 Dungeon Crawl Stone Soup version 0.24-a0-778-g74da537585 (webtiles) character file.

Game seed: 6261349140449920255, levelgen mode: deterministic

9352 Kohma the Basher (level 11, -5/83 HPs)
             Began as a Gnoll Wanderer on Oct 7, 2019.
             Was an Elder of Okawaru.
             Slain by an orc warrior
             ... wielding a +0 war axe
              (9 damage)
             ... on level 8 of the Dungeon.
             The game lasted 00:48:09 (14909 turns).

Kohma the Basher (Gnoll Wanderer)                  Turns: 14909, Time: 00:48:09

Health: -5/83      AC: 11    Str: 18    XL:     11   Next: 45%
Magic:  20/20      EV: 14    Int: 17    God:    Okawaru [****..]
Gold:   686        SH:  0    Dex: 12    Spells: 15/22 levels left

rFire    . . .     SeeInvis .   a - +6 dagger "Killer Klown's Death" {freeze, *Slow +Rage rPois rN++}
rCold    + . .     Gourm    .   j - +0 buckler
rNeg     + + +     Faith    .   E - +3 ring mail {rC+}
rPois    +         Spirit   .   q - +0 helmet
rElec    .         Reflect  +   (no cloak)
rCorr    .         Harm     .   (no gloves)
MR       .....                  (no boots)
Stlth    +.........             O - +2 amulet of reflection
HPRegen  0.23/turn              N - ring of positive energy
MPRegen  0.17/turn              (no ring)

@: confused
A: distributed training, fangs 1, strong nose
a: Heroism, Renounce Religion, Evoke Berserk Rage


You were on level 8 of the Dungeon.
You worshipped Okawaru.
Okawaru was greatly pleased with you.
You were not hungry.

You visited 2 branches of the dungeon, and saw 10 of its levels.
You also visited: Sewer.

You collected 686 gold pieces.

Inventory:

Hand Weapons
 a - the +6 dagger "Killer Klown's Death" (weapon) {freeze, *Slow +Rage rPois rN++}
   (You found it on level 8 of the Dungeon)

   It has been specially enchanted to freeze those struck by it, causing extra
   injury to most foes and up to half again as much damage against particularly
   susceptible opponents.
   It can also slow down cold-blooded creatures.
   It protects you from poison.
   It greatly protects you from negative energy.
   It lets you go berserk.
   It may slow you when you take damage.
 b - a +7 antimagic dagger
Missiles
 f - 21 sling bullets
 g - 33 bolts
 r - 6 javelins
 y - 10 poisoned darts (quivered)
 I - 4 throwing nets
 Q - 7 boomerangs
Armour
 j - a +0 buckler (worn)
 q - a +0 helmet (worn)
 v - a +0 leather armour of fire resistance
 E - a +3 ring mail of cold resistance (worn)
 L - a +2 chain mail of cold resistance
Magical Staves
 t - a cursed staff of summoning {unknown}
Jewellery
 c - the ring "Orefox" {Ice rElec rPois}
   (You found it on level 7 of the Dungeon)

   [ring of ice]

   It enhances your ice magic.
   It makes you vulnerable to fire.
   It protects you from cold.
   It insulates you from electricity.
   It protects you from poison.
 N - a ring of positive energy (left hand)
 O - a +2 amulet of reflection (around neck)
Wands
 D - a wand of polymorph (8)
 G - a wand of digging (5)
Scrolls
 e - a scroll of enchant armour {unknown}
 i - a scroll of blinking
 k - 4 scrolls of teleportation
 l - 2 scrolls of enchant weapon
 n - 2 scrolls of immolation
 o - a scroll of fog
 p - 5 scrolls of remove curse
 F - a scroll of summoning {unknown}
 H - 2 scrolls of holy word {unknown}
 J - a scroll of identify
 K - 2 scrolls of magic mapping
 P - 2 scrolls of vulnerability {unknown}
Potions
 h - a potion of haste {unknown}
 s - 3 potions of curing
 u - a potion of ambrosia
 w - 3 potions of brilliance
 x - a potion of might
 z - a potion of resistance {unknown}
 A - 2 potions of flight {unknown}
 B - 3 potions of agility
 C - a potion of invisibility {unknown}
 M - a potion of berserk rage {unknown}
Comestibles
 d - 7 rations


   Skills:
 + Level 6.7 Fighting
 + Level 6.2 Short Blades
 + Level 6.2 Long Blades
 + Level 6.2 Axes
 + Level 10.5 Maces & Flails
 + Level 6.2 Polearms
 + Level 6.2 Staves
 + Level 6.2 Slings
 + Level 6.2 Bows
 + Level 6.2 Crossbows
 + Level 6.2 Throwing
 + Level 9.1 Armour
 + Level 6.2 Dodging
 + Level 6.2 Stealth
 + Level 6.2 Shields
 + Level 6.2 Unarmed Combat
 + Level 6.2 Spellcasting
 + Level 5.1 Conjurations
 + Level 5.1 Hexes
 + Level 5.1 Charms
 + Level 5.1 Summonings
 + Level 5.1 Necromancy
 + Level 5.1 Translocations
 + Level 5.1 Transmutations
 + Level 5.1 Fire Magic
 + Level 5.1 Ice Magic
 + Level 5.1 Air Magic
 + Level 5.1 Earth Magic
 + Level 5.1 Poison Magic
 + Level 6.8 Invocations
 + Level 7.8 Evocations


You had 15 spell levels left.
You knew the following spells:

 Your Spells              Type           Power        Failure   Level  Hunger
a - Ensorcelled Hibernat  Hex/Ice        ###...       3%          2    None
b - Sticks to Snakes      Tmut           ###.....     3%          2    None
c - Confuse               Hex            ###.....     8%          3    ##.....

Your spell library contained the following spells:

 Spells                   Type           Power        Failure   Level  Hunger
 Beastly Appendage        Tmut           ###...       2%          1    None
 Corona                   Hex            ###....      2%          1    None
 Dazzling Spray           Conj/Hex       ###...       8%          3    ##.....
 Spider Form              Tmut/Pois      ###.......   8%          3    ##.....
 Tukima's Dance           Hex            ###.....     8%          3    ##.....
 Ice Form                 Ice/Tmut       ###.....     24%         4    ####...
 Blade Hands              Tmut           ###.......   56%         5    #####..


Dungeon Overview and Level Annotations

Branches:
Dungeon (9/15)             Temple (1/1) D:7            Lair (0/6) D:9
    Orc (0/2) D:9           Sewer (visited)

Altars:
Ashenzari
Cheibriados
Dithmenos
Elyvilon
Fedhas
Gozag
Kikubaaqudgha
Makhleb
Nemelex Xobeh
Okawaru
Qazlal
Ru
Sif Muna
Trog
Vehumet
Wu Jian
Xom
Yredelemnul
Zin
The Shining One
Beogh

Shops:
D:7 (   D:8 *

Annotations:
D:5 3 runed translucent doors, ruda's ghost, novice MiAK


Innate Abilities, Weirdness & Mutations

Your experience applies equally to all skills.
You have very sharp teeth.
Your uncanny sense of smell can sniff out nearby items.


Message History

The orc warrior hits you with a +0 war axe!
* * * LOW HITPOINT WARNING * * *
You hit the orc warrior but do no damage.
The orc warrior is almost dead.
The death yak gores you but does no damage.
You hit the orc warrior but do no damage.
The orc warrior is almost dead.
The orc warrior hits you but does no damage.
The death yak misses you.
You closely miss the orc warrior.
The orc warrior is almost dead.
The orc warrior hits you with a +0 war axe.
* * * LOW HITPOINT WARNING * * *
Okay, then.
You are confused.
You feel invigorated. The death yak gores you!
* * * LOW HITPOINT WARNING * * *
You closely miss the death yak. Your bite misses the death yak.
The orc warrior hits you with a +0 war axe!
You die...

#........#..[<..#
##...#
#........##'###.#
#.).## #...........#
#.# ##)..##
#........#### #.#
##...## #........# #.#
##...## ######'#.# #.#
##...## #...# ####.#
##...# ##..# #.Y..#
#...# #..# #@####
##... #..# #o#####
#... #.)###.....# ##..
##>........# #..
#.#######.# #.. #.#
#...##########.. #.#
#.####..........
#.#####.####.#########
#..........#'###


You could see a death yak and an orc warrior.

Vanquished Creatures
  Harold (D:6)
  5 death yaks
  Pikel (D:5)
  2 hippogriffs (D:8)
  A spriggan (D:8)
  2 humans (D:7)
  Grum (D:9)
  Menkaure (D:4)
  Duvessa (D:5)
  A water moccasin (D:8)
  2 sky beasts
  3 ice beasts
  2 orc warriors
  An eye of draining (D:8)
  2 phantoms (D:6)
  4 ogres
  A crocodile (D:9)
  2 wolves (D:9)
  2 centaurs (D:9)
  2 big kobolds (Sewer)
  Blork the orc (D:5)
  3 bullfrogs
  A gnoll sergeant (D:9)
  Dowan (D:5)
  A scorpion (D:9)
  6 killer bees
  A howler monkey (D:6)
  6 crimson imps
  2 jellies
  3 orc priests
  A bullfrog skeleton (D:6)
  3 hounds
  An iguana (D:7)
  6 orc wizards
  4 worker ants
  Robin (D:3)
  16 gnolls
  2 howler monkey skeletons
  A worker ant zombie (D:8)
  20 adders
  3 river rats
  A shadow imp (D:5)
  2 oozes
  2 worms
  A dart slug (D:1)
  8 leopard geckos
  25 orcs
  4 bats
  9 giant cockroaches
  11 goblins
  8 hobgoblins
  15 jackals
  4 quokkas
  9 ball pythons
  5 frilled lizards
  19 kobolds
  A leopard gecko zombie (D:6)
  31 rats
275 creatures vanquished.

Vanquished Creatures (others)
  An orc warrior (D:9)
  An adder (D:5)
2 creatures vanquished.

Grand Total: 277 creatures vanquished

Notes
Turn   | Place    | Note
-------+----------+-------------------------------------------
     0 | D:1      | Kohma the Gnoll Wanderer began the quest for the Orb.
     0 | D:1      | Kohma set off with the following items: a +0 mace, a +2
                  | scale mail, a potion of lignification, a ration
     0 | D:1      | Reached XP level 1. HP: 17/17 MP: 3/3
   390 | D:1      | Reached XP level 2. HP: 23/23 MP: 5/5
   871 | D:1      | Reached XP level 3. HP: 24/28 MP: 6/6
   992 | D:2      | Found a glowing silver altar of Zin.
   992 | D:2      | Found an ornate altar of the Wu Jian Council.
  1124 | D:2      | Reached skill level 1 in Invocations
  1139 | D:2      | Reached skill level 1 in Short Blades
  1139 | D:2      | Reached skill level 1 in Long Blades
  1139 | D:2      | Reached skill level 1 in Axes
  1139 | D:2      | Reached skill level 1 in Polearms
  1139 | D:2      | Reached skill level 1 in Staves
  1139 | D:2      | Reached skill level 1 in Slings
  1139 | D:2      | Reached skill level 1 in Bows
  1139 | D:2      | Reached skill level 1 in Crossbows
  1139 | D:2      | Reached skill level 1 in Throwing
  1139 | D:2      | Reached skill level 1 in Dodging
  1139 | D:2      | Reached skill level 1 in Stealth
  1139 | D:2      | Reached skill level 1 in Shields
  1139 | D:2      | Reached skill level 1 in Unarmed Combat
  1139 | D:2      | Reached skill level 1 in Spellcasting
  1167 | D:2      | Reached XP level 4. HP: 29/34 MP: 7/7
  1228 | D:2      | Reached skill level 1 in Conjurations
  1228 | D:2      | Reached skill level 1 in Hexes
  1228 | D:2      | Reached skill level 1 in Charms
  1228 | D:2      | Reached skill level 1 in Summonings
  1228 | D:2      | Reached skill level 1 in Necromancy
  1228 | D:2      | Reached skill level 1 in Translocations
  1228 | D:2      | Reached skill level 1 in Transmutations
  1228 | D:2      | Reached skill level 1 in Fire Magic
  1228 | D:2      | Reached skill level 1 in Ice Magic
  1228 | D:2      | Reached skill level 1 in Air Magic
  1228 | D:2      | Reached skill level 1 in Earth Magic
  1228 | D:2      | Reached skill level 1 in Poison Magic
  1835 | D:3      | Reached XP level 5. HP: 37/40 MP: 8/8
  2130 | D:3      | Noticed Robin
  2158 | D:3      | Killed Robin
  2450 | D:3      | Found a blossoming altar of Fedhas.
  2651 | D:3      | Found a faded altar of an unknown god.
  2917 | D:4      | Noticed an ice beast
  2928 | D:4      | Killed an ice beast
  2928 | D:4      | Reached XP level 6. HP: 47/47 MP: 9/9
  2957 | D:4      | Reached skill level 5 in Evocations
  3006 | D:4      | Found a glowing drain.
  3081 | Sewer    | Entered a sewer
  3445 | Sewer    | Reached XP level 7. HP: 35/52 MP: 10/10
  4400 | D:4      | Found a basalt altar of Yredelemnul.
  4516 | D:4      | Noticed Menkaure
  4533 | D:4      | Killed Menkaure
  4533 | D:4      | Reached skill level 9 in Maces & Flails
  4772 | D:4      | Reached XP level 8. HP: 13/60 MP: 12/12
  5056 | D:5      | Entered Level 5 of the Dungeon
  5058 | D:5      | Noticed Duvessa
  5058 | D:5      | Noticed Dowan
  5096 | D:5      | Killed Duvessa
  5327 | D:5      | Killed Dowan
  5634 | D:5      | Noticed Pikel
  5739 | D:5      | Killed Pikel
  6103 | D:5      | Found a runed translucent gate.
  6104 | D:5      | Found a runed translucent gate.
  6105 | D:5      | Found a runed translucent gate.
  6107 | D:5      | Noticed ruda's ghost (novice MiAK)
  6111 | D:5      | Identified the +5 spear "Voipsaost" {venom, *Rage *Slow
                  | rElec Str+10}
  6111 | D:5      | Identified the +3 ring mail "Kaphon" {rC+ Dex+3}
  6112 | D:5      | Found a roughly hewn altar of Beogh.
  6289 | D:5      | Noticed Blork the orc
  6304 | D:5      | Killed Blork the orc
  6306 | D:5      | Reached XP level 9. HP: 59/66 MP: 14/14
  7035 | D:5      | Found a glowing golden altar of the Shining One.
  7793 | D:6      | Reached skill level 5 in Fighting
  7811 | D:6      | Learned a level 2 spell: Ensorcelled Hibernation
  7814 | D:6      | Learned a level 2 spell: Sticks to Snakes
  7818 | D:6      | Learned a level 3 spell: Confuse
  8270 | D:7      | Found an iron altar of Okawaru.
  8329 | D:7      | Became a worshipper of Warmaster Okawaru
  8541 | D:7      | Found an iron altar of Okawaru.
  8556 | D:7      | Found a staircase to the Ecumenical Temple.
  9227 | D:7      | Got a warped golden ring
  9228 | D:7      | Identified the ring "Orefox" {Ice rElec rPois} (You found
                  | it on level 7 of the Dungeon)
  9248 | Temple   | Entered the Ecumenical Temple
  9487 | D:7      | Noticed Harold
  9520 | D:6      | Killed Harold
  9520 | D:6      | Reached * piety under Okawaru
  9520 | D:6      | Reached skill level 5 in Invocations
  9520 | D:6      | Reached XP level 10. HP: 24/74 MP: 5/17
  9809 | D:7      | Found Butiprer's Weapon Shop.
 10505 | D:8      | Reached skill level 5 in Short Blades
 10505 | D:8      | Reached skill level 5 in Long Blades
 10505 | D:8      | Reached skill level 5 in Axes
 10505 | D:8      | Reached skill level 5 in Polearms
 10505 | D:8      | Reached skill level 5 in Staves
 10505 | D:8      | Reached skill level 5 in Slings
 10505 | D:8      | Reached skill level 5 in Bows
 10505 | D:8      | Reached skill level 5 in Crossbows
 10505 | D:8      | Reached skill level 5 in Throwing
 10505 | D:8      | Reached skill level 5 in Dodging
 10505 | D:8      | Reached skill level 5 in Stealth
 10505 | D:8      | Reached skill level 5 in Shields
 10505 | D:8      | Reached skill level 5 in Unarmed Combat
 10505 | D:8      | Reached skill level 5 in Spellcasting
 10613 | D:8      | Reached ** piety under Okawaru
 10617 | D:8      | Got an ivory dagger
 10636 | D:8      | Identified the +6 dagger "Killer Klown's Death" {freeze,
                  | *Slow +Rage rPois rN++} (You found it on level 8 of the
                  | Dungeon)
 10790 | D:8      | Reached skill level 10 in Maces & Flails
 10899 | D:8      | Found Ysuihoj's Changing Room.
 10992 | D:8      | Found a burning altar of Makhleb.
 11238 | D:9      | HP: 2/76 [orc warrior/+0 halberd (11)]
 12236 | D:9      | Found a radiant altar of Vehumet.
 12350 | D:9      | Noticed Grum
 12360 | D:9      | Killed Grum
 12360 | D:9      | Reached *** piety under Okawaru
 12397 | D:9      | Found a glowing golden altar of the Shining One.
 12400 | D:9      | Found a shadowy altar of Dithmenos.
 12400 | D:9      | Noticed a death yak
 12400 | D:9      | Noticed a death yak
 12404 | D:9      | Noticed a death yak
 12406 | D:9      | Noticed a death yak
 12409 | D:9      | Noticed a death yak
 12411 | D:9      | Noticed a death yak
 12631 | D:9      | Found a staircase to the Orcish Mines.
 12689 | D:9      | Found a staircase to the Lair.
 12705 | D:9      | Found a basalt altar of Yredelemnul.
 12708 | D:9      | Found a sparkling altar of Nemelex Xobeh.
 12708 | D:9      | Found a bloodstained altar of Trog.
 12728 | D:9      | Noticed a death yak
 13035 | D:9      | Found a shimmering blue altar of Sif Muna.
 13350 | D:8      | Killed a death yak
 13350 | D:8      | Received a gift from Okawaru
 13350 | D:8      | Reached XP level 11. HP: 39/83 MP: 19/19
 13618 | D:9      | HP: 1/83 [death yak (22)]
 13620 | D:9      | Killed a death yak
 14039 | D:9      | Killed a death yak
 14039 | D:9      | Received a gift from Okawaru
 14039 | D:9      | Reached **** piety under Okawaru
 14039 | D:9      | Reached skill level 5 in Conjurations
 14039 | D:9      | Reached skill level 5 in Hexes
 14039 | D:9      | Reached skill level 5 in Charms
 14039 | D:9      | Reached skill level 5 in Summonings
 14039 | D:9      | Reached skill level 5 in Necromancy
 14039 | D:9      | Reached skill level 5 in Translocations
 14039 | D:9      | Reached skill level 5 in Transmutations
 14039 | D:9      | Reached skill level 5 in Fire Magic
 14039 | D:9      | Reached skill level 5 in Ice Magic
 14039 | D:9      | Reached skill level 5 in Air Magic
 14039 | D:9      | Reached skill level 5 in Earth Magic
 14039 | D:9      | Reached skill level 5 in Poison Magic
 14149 | D:9      | Killed a death yak
 14244 | D:8      | HP: 1/83 [death yak (17)]
 14245 | D:8      | Killed a death yak
 14245 | D:8      | Received a gift from Okawaru
 14908 | D:8      | HP: 2/83 [death yak (8)]
 14909 | D:8      | Slain by an orc warrior

Levels and vault maps discovered:
D:1:      minmay_arrival_hallway, layout_loops_corners
D:2:      layout_loops_ring, nicolae_overflow_hidden_temple, minmay_pentomino_u2
D:3:      layout_basic, fedhas_altar_4, chequers_ecumenical_altar_lobes,
          uniq_robin
D:4:      minmay_inner_zag, layout_basic, first_ration, portal_sewer_entry_a,
          yredelemnul_altar_generic, uniq_menkaure
D:5:      kennysheep_big_flooded_room, layout_basic, biasface_ghost_orc_armoury,
          nicolae_tso_swordbearing_angel, uniq_pikel, uniq_blork_the_orc,
          uniq_duvessa
D:6:      layout_loops_corners
D:7:      layout_cave_pools, kennysheep_mini_moat,
          minmay_temple_entry_drinking_statues, serial_shops, shop,
          okawaru_humans, uniq_harold
D:8:      layout_basic, serial_curves, eino_curves_01, eino_curves_02,
          grunt_pizzeria, nicolae_transmutations_shop, bloody_makhleb
D:9:      layout_rooms, overflow_temple_1_default, led_sif_book,
          grunt_temple_overflow_open, dpeg_lair_monsters, uniq_grum
Temple:   compressed_dpeg_triangle_lava_temple

Skill      XL: |  1  2  3  4  5  6  7  8  9 10 11 |
---------------+----------------------------------+-----
Invocations    | 1 2 3 4 5 6 |  6.8
Short Blades   | 1 2 3 4 5 6 |  6.2
Long Blades    | 1 2 3 4 5 6 |  6.2
Axes           | 1 2 3 4 5 6 |  6.2
Polearms       | 1 2 3 4 5 6 |  6.2
Staves         | 1 2 3 4 5 6 |  6.2
Slings         | 1 2 3 4 5 6 |  6.2
Bows           | 1 2 3 4 5 6 |  6.2
Crossbows      | 1 2 3 4 5 6 |  6.2
Throwing       | 1 2 3 4 5 6 |  6.2
Dodging        | 1 2 3 4 5 6 |  6.2
Stealth        | 1 2 3 4 5 6 |  6.2
Shields        | 1 2 3 4 5 6 |  6.2
Unarmed Combat | 1 2 3 4 5 6 |  6.2
Spellcasting   | 1 2 3 4 5 6 |  6.2
Conjurations   | 1 2 3 4 5 |  5.1
Hexes          | 1 2 3 4 5 |  5.1
Charms         | 1 2 3 4 5 |  5.1
Summonings     | 1 2 3 4 5 |  5.1
Necromancy     | 1 2 3 4 5 |  5.1
Translocations | 1 2 3 4 5 |  5.1
Transmutations | 1 2 3 4 5 |  5.1
Fire Magic     | 1 2 3 4 5 |  5.1
Ice Magic      | 1 2 3 4 5 |  5.1
Air Magic      | 1 2 3 4 5 |  5.1
Earth Magic    | 1 2 3 4 5 |  5.1
Poison Magic   | 1 2 3 4 5 |  5.1
Fighting       | 3 4 5 6 |  6.7
Evocations     | 5 6 7 |  7.8
Armour         | 7 8 9 |  9.1
Maces & Flails | 9 10 | 10.5

Action                   |  1- 3 |  4- 6 |  7- 9 | 10-12 || total
-------------------------+-------+-------+-------+-------++-------
Melee: Mace              |    91 |   289 |   393 |       ||   773
       Bite              |     5 |    24 |    61 |    49 ||   139
       Punch             |       |     2 |     3 |     4 ||     9
       Dagger            |       |       |   156 |   455 ||   611
Throw: Javelin           |       |       |     4 |    18 ||    22
       Dart              |       |       |     3 |    29 ||    32
       Throwing net      |       |       |     2 |       ||     2
 Cast: Ensorcelled Hiber |       |       |     7 |    22 ||    29
       Confuse           |       |       |     1 |     9 ||    10
Evoke: Wand              |       |       |       |     1 ||     1
  Use: Scroll            |       |     7 |    10 |     5 ||    22
       Potion            |       |       |     5 |     5 ||    10
 Stab: Sleeping          |       |       |     5 |    11 ||    16
       Held in net/web   |       |       |     2 |       ||     2
       Confused          |       |       |       |     2 ||     2
       Distracted        |       |       |       |     1 ||     1
  Eat: Chunk             |     1 |     7 |    13 |     9 ||    30
       Ration            |       |       |     2 |     3 ||     5
Armor: Scale mail        |    59 |   165 |   121 |       ||   345
       Ring mail         |       |       |   129 |   144 ||   273
       Skin              |       |       |    11 |       ||    11
Dodge: Dodged            |    61 |   176 |   335 |   210 ||   782
Block: Buckler           |       |       |       |    83 ||    83
       Reflection        |       |       |       |     5 ||     5

Table legend:
 A = Non-vault XP
 B = Vault XP
 C = Vault XP percentage of total XP
 D = Non-vault monster count
 E = Vault monster count
 F = Vault count percentage of total count
                 A         B        C        D         E       F
            +---------+---------+-------+---------+---------+-------
      Total |    5288 |    8072 |  60.4 |     185 |      91 |  33.0
            +---------+---------+-------+---------+---------+-------
        D:1 |      35 |       0 |   0.0 |      16 |       0 |   0.0
        D:2 |     125 |       3 |   2.3 |      20 |       2 |   9.1
        D:3 |      55 |      36 |  39.6 |      21 |      13 |  38.2
        D:4 |     379 |     324 |  46.1 |      16 |      10 |  38.5
        D:5 |     479 |    1081 |  69.3 |      17 |       5 |  22.7
        D:6 |     754 |     944 |  55.6 |      20 |       1 |   4.8
        D:7 |     531 |     381 |  41.8 |      18 |       2 |  10.0
        D:8 |    1474 |    1957 |  57.0 |      26 |       3 |  10.3
        D:9 |    1456 |    3056 |  67.7 |      31 |       7 |  18.4
      Sewer |       0 |     290 | 100.0 |       0 |      48 | 100.0
            +---------+---------+-------+---------+---------+-------
